 Dungeon Crawl Stone Soup version 0.27.1-1-g398f81649c (webtiles) character file.

Game seed: 5226936422383976999

44 ZARRMARR the Sneak (level 3, -6/23 HPs)
             Began as an Octopode Earth Elementalist on Sept 6, 2021.
             Shot with an arrow by a centaur (8 damage)
             ... on level 3 of the Dungeon.
             The game lasted 00:05:35 (1563 turns).

ZARRMARR the Sneak (Octopode Earth Elementalist)    Turns: 1563, Time: 00:05:35

Health: -6/23      AC:  1    Str:  7    XL:     3   Next: 62%
Magic:  6/6        EV: 13    Int: 18    God:
Gold:   102        SH:  0    Dex: 12    Spells: 2/6 levels left

rFire    . . .     SeeInvis +   (no weapon)
rCold    . . .     Faith    .   (no shield)
rNeg     + . .     Spirit   .   (helmet restricted)
rPois    .         Reflect  .   (no amulet)
rElec    .         Harm     .   c - ring of wizardry
rCorr    .         Rampage  .   a - ring of positive energy
Will     .....                  j - ring of see invisible
Stlth    +++.......             (no ring)
HPRegen  0.07/turn              (no ring)
MPRegen  0.10/turn              (no ring)
                                (no ring)
                                (no ring)

@: very slightly contaminated
A: almost no armour, amphibious, 8 rings, camouflage 1, gelatinous body 1,
(nimble swimmer 1), tentacles
a: no special abilities


You were on level 3 of the Dungeon.
You visited 1 branch of the dungeon, and saw 3 of its levels.

You collected 102 gold pieces.

Inventory:

Missiles
 b - 4 stones
Jewellery
 a - a ring of positive energy (right tentacle)
 c - a ring of wizardry (left tentacle)
 j - a ring of see invisible (on tentacle)
Scrolls
 d - a scroll of magic mapping
 h - a scroll of brand weapon {unknown}
 i - a scroll of noise {unknown}
Potions
 f - 2 potions of curing
 g - a potion of ambrosia {unknown}


   Skills:
 + Level 1.1 Fighting
 + Level 2.4 Dodging
 + Level 3.4 Stealth
 + Level 2.4 Spellcasting
 - Level 1.0 Transmutations
 + Level 3.3 Earth Magic


You had 2 spell levels left.
You knew the following spells:

 Your Spells              Type           Power      Damage    Failure   Level
a - Sandblast             Erth           28%        2d8       1%          1
b - Stone Arrow           Conj/Erth      16%        3d8       11%         3

Your spell library contained the following spells:

 Spells                   Type           Power      Damage    Failure   Level
 Passwall                 Tmut/Erth      7%         N/A       4%          2
 Petrify                  Tmut/Erth      9%         N/A       26%         4


Dungeon Overview and Level Annotations

Branches:
Dungeon (3/15)

Altars:
Zin


Innate Abilities, Weirdness & Mutations

You cannot wear most types of armour.
You are amphibious.
You can wear up to eight rings at the same time.
Your skin changes colour to match your surroundings (Stealth+).
Your rubbery body absorbs attacks. (AC +1, EV +1)
((You are camouflaged near water. (Stealth+)))
You have tentacles for arms and can constrict up to eight enemies at once.


Message History

The bat closely misses you.
Casting: Sandblast (safe; 1% risk of failure)
Confirm with . or Enter, or press ? or * to list all spells.
Aiming: Sandblast (safe; 1% risk of failure)
Press: ? - help, Shift-Dir - straight line, f - bat
Aim: a bat (69% to hit)
The blast of sand hits the bat.
You kill the bat!
Unknown command.
A giant cockroach comes into view.
Found 17 gold pieces.
An adder comes into view.
Casting: Sandblast (safe; 1% risk of failure)
Confirm with . or Enter, or press ? or * to list all spells.
Aiming: Sandblast (safe; 1% risk of failure)
Press: ? - help, Shift-Dir - straight line, f - centaur
Aim: a centaur, quivering arrows (asleep, 100% to hit)
The blast of sand hits the centaur but does no damage.
The centaur wields a +0 shortbow.
The centaur shoots an arrow.
The arrow hits you!
Ouch! That really hurt!
The adder hisses angrily.
Casting: Sandblast (safe; 1% risk of failure)
Confirm with . or Enter, or press ? or * to list all spells.
The spell is quite dangerous to cast (11% risk of failure)!
Continue anyway?
Aiming: Stone Arrow (quite dangerous; 11% risk of failure)
Press: ? - help, Shift-Dir - straight line, f/p - centaur
Aim: a centaur, wielding a +0 shortbow and quivering arrows (78% to hit)
You miscast Stone Arrow.
You are very lightly contaminated with residual magic.
Nothing appears to happen.
The centaur shoots an arrow.
The arrow hits you!
* * * LOW HITPOINT WARNING * * *
Casting: Stone Arrow (quite dangerous; 11% risk of failure)
Confirm with . or Enter, or press ? or * to list all spells.
You don't have enough magic to cast this spell.
Unknown command.
Unknown command.
It was a potion of magic.
Magic courses through your body.
The centaur shoots an arrow.
The arrow hits you!
You die...

.. ##.. .. ...#####.
.###.........
.............
............
#.c.........
#...........
######.@.........
#..............#
..............#
.....B.....#############
............♣.♣.♣.♣.♣.8.
........................
.$......)...♣.8[8.8.♣.♣.
...........#############
............


You could see a centaur and a giant cockroach.

Vanquished Creatures
  An adder (D:2)
  2 ball pythons (D:1)
  3 bats
  2 endoplasms
  2 giant cockroaches
  6 goblins
  3 hobgoblins
  2 quokkas (D:1)
  3 frilled lizards
  4 kobolds
  3 rats
31 creatures vanquished.

Notes
Turn   | Place    | Note
-------+----------+-------------------------------------------
     0 | D:1      | ZARRMARR the Octopode Earth Elementalist began the quest
                  | for the Orb.
     0 | D:1      | Reached XP level 1. HP: 11/11 MP: 3/3
   207 | D:1      | Reached XP level 2. HP: 18/18 MP: 3/5
   675 | D:1      | Found a faded altar of an unknown god.
   883 | D:2      | Reached XP level 3. HP: 22/22 MP: 2/6
  1054 | D:2      | Reached skill level 1 in Fighting
  1340 | D:2      | Learned a level 3 spell: Stone Arrow
  1373 | D:3      | Found a glowing silver altar of Zin.
  1555 | D:3      | Noticed a centaur
  1563 | D:3      | Shot with an arrow by a centaur

Illustrated notes

Levels and vault maps discovered:
D:1:      dpeg_arrival_tiny_a, layout_basic,
          shapermc_ecumenical_altar_totnotflames
D:2:      layout_rooms
D:3:      layout_rooms, mainiacjoe_overflow_catwalk, chequers_avenue,
          serial_park_tiny_pond, chequers_serial_rivers_micro_a,
          minmay_quadrilaterals

Skill      XL: |  1  2  3 |
---------------+----------+-----
Stealth        | 3 |  3.4
Fighting       | 1 |  1.1
Dodging        | |  2.4
Spellcasting   | |  2.4
Transmutations | |  1.0
Earth Magic    | |  3.3

Action                   || total
-------------------------++-------
 Cast: Sandblast         ||    45
  Use: Scroll            ||     4
       Potion            ||     1
Dodge: Dodged            ||     4
